AoeStats
← 京城猛1简隋英

Arena

506319576Analyzed
3v3 RM · 20d ago on Sep 13, 2026· 29m 43s· 6 players
Game mode
Random Map
Map size
Normal (6 player)
Population
200
Speed
Normal
Resources
Standard
Victory
Conquest
Starting age
Dark Age
Ending age
Imperial Age
RankedLock teamsTeams togetherTeam positionsShared explorationLock speedFull tech treeHidden civsTurbo modeCheats
Victory
Defeat
🇨🇳 Georgians · China
977
+17
🇨🇳 Chinese · China
964
+18
🇨🇳 Goths · China
937
+45
🇹🇼 Aztecs · Taiwan
1049
-21
🇷🇺 Byzantines · Russia
990
-17
🇨🇳 Teutons · China
952
-46
poi
11:25 Feudal Age
16:33 Castle Age
15:05 Double-Bit Axe
16:26 Scale Mail Armor
17:23 Forging
18:43 Chain Mail Armor
20:02 Squires
23:10 Loom
ForWorldPeace
2:36 Loom
16:23 Feudal Age
17:48 Horse Collar
17:57 Double-Bit Axe
18:52 Wheelbarrow
21:24 Castle Age
19:30 Gold Mining
20:41 Stone Mining
23:29 Forging
23:20 Scale Mail Armor
23:35 Pikeman
24:16 Squires
3176835552
3:57 Loom
15:25 Feudal Age
18:57 Wheelbarrow
22:21 Man-at-Arms
10m的插线板
0:26 Loom
11:30 Feudal Age
15:43 Castle Age
15:11 Double-Bit Axe
16:01 Horse Collar
28:01 Gold Mining
28:59 Bow Saw
28:18 Man-at-Arms
28:59 Squires
28:45 Gambesons
29:19 Scale Mail Armor
好久不见丶
9:51 Feudal Age
15:28 Castle Age
17:49 Double-Bit Axe
18:55 Wheelbarrow
24:51 Padded Archer Armor
24:42 Fletching
25:34 Horse Collar
京城猛1简隋英
6:26 Loom
13:20 Feudal Age
17:23 Horse Collar
20:44 Castle Age
19:13 Gold Mining
21:16 Wheelbarrow
22:45 Heavy Plow
29:09 Hand Cart
29:43 Caravan
Connection lost

Rejoining the realm…

Still unreachable

The connection could not be restored.

Session expired

The server has moved on; the page needs a fresh start.